 Dungeon Crawl Stone Soup version 0.29-a0-284-gf9362112df (webtiles) character file.

Game seed: 9653802314863886779

279 sokol815 the Skirmisher (level 6, 0/48 HPs)
             Began as a Djinni Gladiator on Mar 25, 2022.
             Was a Believer of Qazlal.
             Slain by Edmund
             ... wielding a +2 flail of holy wrath
              (3 damage)
             ... on level 4 of the Dungeon.
             The game lasted 00:06:02 (3438 turns).

sokol815 the Skirmisher (Djinni Gladiator)          Turns: 3438, Time: 00:06:02

Health: 0/48       AC: 11    Str: 12 (13) XL:     6   Next: 52%
Gold:   155        EV:  3    Int:  8 (10) God:    Qazlal [**....] SH:  2 Dex: 13 (16)

rFire   + + .      SeeInvis .   a - +0 broad axe
rCold   x . .      Faith    .   (no shield)
rNeg    . . .      Spirit   .   g - +0 plate armour
rPois   ∞          Reflect  .   c - +0 helmet
rElec   .          Harm     .   (no cloak)
rCorr   .          Rampage  .   (no gloves)
Will    .....                   (boots unavailable)
Stlth   ..........              (no amulet)
HPRegen 0.16/turn               (no ring)
MPRegen 0.00/turn               (no ring)

@: attractive, flying, hasted, very quick
A: sickness immunity, fire resistance 2, cold vulnerability 1, float, innate
caster, HP casting, extra vitality 1
a: Renounce Religion, Upheaval


You were on level 4 of the Dungeon.
You worshipped Qazlal.
Qazlal was pleased with you.
You visited 1 branch of the dungeon, and saw 4 of its levels.

You collected 155 gold pieces.

Inventory:

Hand Weapons
 a - a +0 broad axe (weapon)
   (You took it off a hobgoblin on level 4 of the Dungeon)
 h - a +0 war axe
Missiles
 d - 3 throwing nets {!d}
 e - 6 javelins
 o - 2 poisoned darts
 s - 93 stones
Armour
 b - a +0 leather armour
 c - a +0 helmet (worn)
 g - a +0 plate armour (worn)
   (You found it on level 1 of the Dungeon)
 l - an orb of light
   (You found it on level 3 of the Dungeon)
Wands
 j - a wand of polymorph (6)
   (You found it on level 4 of the Dungeon)
Scrolls
 Y - a scroll of teleportation {@r3}
Potions
 P - 2 potions of lignification {!q}
 R - 2 potions of resistance


   Skills:
 + Level 4.6 Fighting
 + Level 4.3 Axes
 - Level 1.5 Throwing
 - Level 3.2 Dodging


You had 2 spell levels left.
You knew the following spells:

 Your Spells              Type           Power      Damage    Failure   Level
w - Passwall              Tmut/Erth      0%         N/A       100%        2
A - Animate Skeleton      Necr           0%         N/A       100%        1
Your spell library was empty.


Dungeon Overview and Level Annotations

Branches:
Dungeon (4/15)
 Temple: D:4-7

Altars:
Ashenzari
Cheibriados
Fedhas
Qazlal
Trog

Annotations:
D:3 1 runed translucent door, Crazy Yiuf
D:4 Edmund


Innate Abilities, Weirdness & Mutations

You are immune to sickness and miasma.
You are immune to poison.
Your flesh is very heat resistant. (rF++)
You are vulnerable to cold. (rC-)
You float through the air rather than walking.
You learn spells naturally, not from books.
Your magical power is your life essence.
You have superior vitality. (+4 MHP)


Message History

You kill the hobgoblin!
Qazlal accepts your kill. The dart slug launches a dart at you.
The slug dart hits you but does no damage.
You barely miss the hobgoblin.
The hobgoblin hits you with a +0 broad axe.
You take 1 damage, and have 37/48 hp.
You barely miss the hobgoblin.
The hobgoblin is engulfed in freezing vapours.
You kill the hobgoblin!
Qazlal accepts your kill.
You slash the dart slug!
You kill the dart slug!
Qazlal accepts your kill.
You can now call upon nature to destroy your foes.
No target in view!
No target in view!
Y - a scroll of teleportation {@r3}
Things that are here:
a +0 broad axe; a hobgoblin corpse
h - a +0 broad axe
h - a +0 broad axe (weapon)
Adjust to which letter? (? for menu, Esc to quit)
a - a +0 broad axe (weapon);
h - a +0 war axe Unknown command.
You reach down and open the door.
There is an open door here.
As you open the door, it creaks loudly!
An iguana comes into view.
The iguana hisses angrily.
Health restored: 48 Edmund the Younger comes into view.
He is wielding a +2 flail of holy wrath and carrying a wand of digging (5).
Edmund shouts!
Edmund zaps a wand.
Some rock shatters into small pieces.
There is an open door here.
You feel yourself speed up.
Edmund hits you with a +2 flail of holy wrath.
The iguana bites you.
You take 6 damage, and have 42/48 hp.
You hit Edmund but do no damage. You hit the iguana but do no damage.
Edmund hits you with a +2 flail of holy wrath!
The iguana bites you!
You take 21 damage, and have 21/48 hp.
MASSIVE DAMAGE!!
You slash Edmund! You hit the iguana but do no damage.
Edmund hits you with a +2 flail of holy wrath.
The iguana bites you.
You take 6 damage, and have 15/48 hp.
You hit Edmund. You hit the iguana.
Edmund hits you with a +2 flail of holy wrath.
* * * LOW HITPOINT WARNING * * *
The iguana barely misses you.
You take 2 damage, and have 13/48 hp.
You hit Edmund but do no damage. You slash the iguana! You slash Edmund!
You hit the iguana.
You kill the iguana!
Qazlal accepts your kill.
Edmund hits you with a +2 flail of holy wrath!
* * * LOW HITPOINT WARNING * * *
You take 7 damage, and have 6/48 hp.
You completely miss Edmund. Edmund completely misses you.
You feel better. Edmund hits you but does no damage.
You regained 7 hp, and now have 14/48 hp.
You hit Edmund.
Edmund hits you with a +2 flail of holy wrath.
* * * LOW HITPOINT WARNING * * *
You take 5 damage, and have 9/48 hp.
You hit Edmund but do no damage.
Edmund hits you with a +2 flail of holy wrath.
* * * LOW HITPOINT WARNING * * *
You take 1 damage, and have 8/48 hp.
Edmund drinks a potion.
Edmund is healed!
Okay, then.
It was a potion of attraction.
You feel attractive to monsters.
Edmund zaps a wand.
Some rock shatters into small pieces.
Edmund is attracted toward you.
It was a potion of degeneration.
There was something very wrong with that liquid.
You feel weakened.
You feel dopey.
You feel clumsy. Edmund is attracted toward you.
You slash Edmund!
Edmund hits you with a +2 flail of holy wrath.
* * * LOW HITPOINT WARNING * * *
You take 6 damage, and have 3/48 hp.
You closely miss Edmund. Edmund hits you but does no damage.
You hit Edmund. Edmund hits you but does no damage.
You hit Edmund. Edmund hits you but does no damage.
You barely miss Edmund.
Edmund hits you with a +2 flail of holy wrath.
* * * LOW HITPOINT WARNING * * *
You take 1 damage, and have 3/48 hp.
You barely miss Edmund. You hit Edmund.
Edmund hits you with a +2 flail of holy wrath.
You die...

#.......####.....#
#.........†......#
#................#
#................#
########.........#
#......+.........#
#......#.........#
#......##○##.....#
+......@@..#.....#
#..........#.....#
#######.........#.....#
#...(##.##..##..# ...
#....'...#..#####
#........#..#
#.$..#...#..#
#....#.####+# ########


You could see Edmund.

Vanquished Creatures
  A necrophage (D:4)
  An orc priest (D:4)
  An iguana (D:4)
  An orc wizard (D:4)
  8 adders
  2 dart slugs
  8 orcs
  4 endoplasms
  A giant cockroach (D:1)
  2 goblins
  5 hobgoblins
  3 kobolds
  3 quokkas
  9 ball pythons
  2 bats
  2 frilled lizards
  10 rats
63 creatures vanquished.

Notes
Turn   | Place    | Note
-------+----------+-------------------------------------------
     0 | D:1      | sokol815 the Djinni Gladiator began the quest for the Orb.
     0 | D:1      | Reached XP level 1. HP: 18/18 MP: 0/0
   106 | D:1      | Reached XP level 2. HP: 18/23 MP: 0/0
   704 | D:1      | Found a faded altar of an unknown god.
   793 | D:1      | Prayed at the altar of an unknown god.
   793 | D:1      | Became a worshipper of Qazlal Stormbringer
   793 | D:1      | Reached * piety under Qazlal
  1008 | D:2      | Reached XP level 3. HP: 29/29 MP: 0/0
  1008 | D:2      | Learned a level 1 spell: Animate Skeleton
  1321 | D:2      | Reached skill level 3 in Axes
  1347 | D:2      | Reached skill level 3 in Fighting
  1442 | D:2      | Reached XP level 4. HP: 35/35 MP: 0/0
  2319 | D:3      | Found a blossoming altar of Fedhas.
  2351 | D:3      | Found a snail-covered altar of Cheibriados.
  2389 | D:3      | Found a runed translucent door.
  2390 | D:3      | Noticed Crazy Yiuf
  2563 | D:3      | HP: 6/35 [orc/+0 whip (3)]
  2838 | D:3      | Found a broken altar of Ashenzari.
  2871 | D:3      | Found a bloodstained altar of Trog.
  3096 | D:3      | Reached XP level 5. HP: 41/41 MP: 0/0
  3096 | D:3      | Learned a level 2 spell: Passwall
  3147 | D:4      | Reached skill level 4 in Fighting
  3216 | D:4      | Reached skill level 4 in Axes
  3216 | D:4      | Reached XP level 6. HP: 43/48 MP: 0/0
  3321 | D:4      | Reached ** piety under Qazlal
  3410 | D:4      | Noticed Edmund
  3417 | D:4      | HP: 6/48 [Edmund/+2 flail of holy wrath (7)]
  3432 | D:4      | HP: 3/48 [Edmund/+2 flail of holy wrath (6)]
  3438 | D:4      | Slain by Edmund

Illustrated notes

Levels and vault maps discovered:
D:1:      amcnicky_arrival_gap_in_the_tavern_cellar, layout_rooms,
          dreamdust_ecumenical_altar_statues
D:2:      layout_loops_corners, amcnicky_mini_rare_corridor_liquid
D:3:      layout_loops_ring, nicolae_overflow_quartered_altars,
          uniq_crazy_yiuf_cottage
D:4:      layout_gridville, mainiacjoe_overflow_alcove_1, uniq_edmund

Skill      XL: |  1  2  3  4  5 |
---------------+----------------+-----
Axes           | 3 4 |  4.3
Fighting       | 3 4 |  4.6
Throwing       | |  1.5
Dodging        | |  3.2

Action                   |  1- 3 |  4- 6 || total
-------------------------+-------+-------++-------
Melee: War axe           |    81 |   103 ||   184
       Broad axe         |       |    15 ||    15
Throw: Javelin           |     1 |       ||     1
  Use: Scroll            |       |    12 ||    12
       Potion            |       |     4 ||     4
Armor: Leather armour    |    12 |       ||    12
       Plate armour      |    50 |   103 ||   153
Dodge: Dodged            |    37 |    17 ||    54
Block: Other             |     3 |     4 ||     7

Table legend: (Time is in decaauts)
 A = Elapsed time spent in this place.
 B = Non-inter-level travel time spent in this place.
 C = Inter-level travel time spent in this place.
 D = Time resting spent in this place.
 E = Time spent auto-exploring this place.
 F = Levels seen in this place.
 G = Mean time per level.
                   A        B        C        D        E       F      G
               +--------+--------+--------+--------+--------+-----+--------+
         Total |   3495 |   3405 |     90 |    251 |   2607 |   4 |  873.8 |
       Dungeon |   3495 |   3405 |     90 |    251 |   2607 |   4 |  873.8 |
               +--------+--------+--------+--------+--------+-----+--------+

Top non-repeatable levels by time:
     D:3: 1266 daAuts
     D:2: 1046 daAuts
     D:1: 873 daAuts
     D:4: 307 daAuts

Table legend:
 A = Kills in this place as a percentage of kills in entire the game.
 B = Kills by you in this place as a percentage of kills by you in the entire game.
 C = Kills by friends in this place as a percentage of kills by friends in the entire game.
 D = Other kills in this place as a percentage of other kills in the entire game.
 E = Experience gained in this place as a percentage of experience gained in the entire game.
 F = Experience gained in this place divided by the number of levels of this place that you have seen.
                   A       B       C       D       E      F
               +-------+-------+-------+-------+-------+----------------------
         Total | 100.0 | 100.0 |   N/A |   N/A | 100.0 |  99.8
       Dungeon | 100.0 | 100.0 |   N/A |   N/A | 100.0 |  99.8
               +-------+-------+-------+-------+-------+----------------------
